cohdb
Replays
Latest Replays
All Replays
Popular Replays
Top Player Replays
Match Explorer
How It Works
Community
CoH3 Stats
Reddit
Sign in to upload your games and track your stats! →
Sign in with Steam
Match 24790215
Unlisted
Match 24790215
Overview
Messages
Build Orders
End
Panzergrenadier Squad
Selects Armored Support Battlegroup
Panzerpioneer Squad
Kradschützen Motorcycle Team
250 Light Carrier
Construct Light Support Kompanie
MG34 Team
Selects Superior Fire Drills
Construct Mechanized Kompanie
Assault Mechanized Group
8 Rad Armored Car
Vehicle Survival Package
Selects Vehicle Awareness
Support Armor Elements
StuG III D Assault Gun
Emergency Repair Kits
Selects Panzer Storm
Marder III Tank Destroyer
Assault Mechanized Group
8 Rad Armored Car
Rapid Advance
Selects Flammpanzer III Medium Tank Sd.Kfz. 141
Wrathment
jeroam
0
0
Comments
sign in to comment!
No comments posted yet!